 Dungeon Crawl Stone Soup version 0.28-a0-1038-g9c4cb8273d (webtiles) character file.

Game seed: 13500513831944747048

714 vineage the Fighter (level 7, -1/73 HPs)
             Began as a Minotaur Fighter on Dec 8, 2021.
             Slain by Pikel (4 damage)
             ... on level 4 of the Dungeon.
             The game lasted 00:03:13 (3600 turns).

vineage the Fighter (Minotaur Fighter)              Turns: 3600, Time: 00:03:13

Health: -1/73      AC:  8    Str: 21    XL:     7   Next: 41%
Magic:  6/6        EV:  7    Int:  5    God:
Gold:   1134       SH:  8    Dex: 11    Spells: 6/6 levels left

rFire   + . .      SeeInvis +   a - +1 flail
rCold   . . .      Faith    .   j - +0 kite shield
rNeg    . . .      Spirit   .   d - +2 scale mail {rF+}
rPois   .          Reflect  .   (helmet restricted)
rElec   .          Harm     .   (no cloak)
rCorr   .          Rampage  .   (no gloves)
Will    .....                   (no boots)
Stlth   ..........              (no amulet)
HPRegen 0.22/turn               k - ring of see invisible
MPRegen 0.10/turn               (no ring)

@: mighty, invisible
A: horns 2, retaliatory headbutt
a: no special abilities


You were on level 4 of the Dungeon.
You visited 1 branch of the dungeon, and saw 4 of its levels.

You collected 1134 gold pieces.

Inventory:

Hand Weapons
 a - a +1 flail (weapon)
Armour
 c - a +0 buckler
 d - a +2 scale mail of fire resistance (worn)
 j - a +0 kite shield (worn)
Jewellery
 k - a ring of see invisible (left hand)
 p - a +6 ring of dexterity
Wands
 f - a wand of mindburst (9)
 l - a wand of iceblast (5)
Potions
 b - a potion of heal wounds {unknown}
 g - 2 potions of degeneration {unknown}
 h - a potion of cancellation {unknown}
 i - a potion of mutation {unknown}
 m - a potion of attraction {unknown}
 n - a potion of haste {unknown}
 o - a potion of lignification {unknown}


   Skills:
 + Level 10.5 Fighting
 - Level 2.4 Maces & Flails
 - Level 3.6 Armour
 - Level 3.6 Shields


You had 6 spell levels left.
You didn't know any spells.
Your spell library was empty.

Dungeon Overview and Level Annotations

Branches:
Dungeon (4/15)
 Temple: D:4-7

Altars:
Kikubaaqudgha

Shops:
D:1 =   D:2 :

Annotations:
D:4 Pikel


Innate Abilities, Weirdness & Mutations

You have a pair of horns on your head.
You reflexively headbutt those who attack you in melee.


Message History

You sock the lemure!
The lemure is heavily wounded.
You miss Pikel. Your headbutt misses Pikel. You block Pikel's attack.
You thump Pikel!
Pikel is moderately wounded.
Pikel hits you with a +0 whip of freezing.
Pikel freezes you.
Pikel hits you with a +0 whip of freezing.
Pikel freezes you.
You barely miss Pikel.
Pikel is moderately wounded.
You block Pikel's attack.
You hit Pikel but do no damage.
Pikel is moderately wounded.
Pikel barely misses you.
Pikel hits you with a +0 whip of freezing.
Pikel freezes you.
You hit Pikel. You headbutt Pikel.
Pikel is heavily wounded.
Pikel hits you with a +0 whip of freezing!
* * * LOW HITPOINT WARNING * * *
Pikel freezes you.
* * * LOW HITPOINT WARNING * * *
Your shield prevents you from hitting Pikel.
Your headbutt misses Pikel.
Pikel is heavily wounded.
Pikel hits you with a +0 whip of freezing.
* * * LOW HITPOINT WARNING * * *
Pikel freezes you.
* * * LOW HITPOINT WARNING * * *
You closely miss Pikel. Your headbutt misses Pikel.
Pikel is heavily wounded.
Pikel hits you with a +0 whip of freezing!
* * * LOW HITPOINT WARNING * * *
Pikel freezes you.
* * * LOW HITPOINT WARNING * * *
Pikel hits you but does no damage.
You fade into invisibility!
Pikel hits you with a +0 whip of freezing.
You die...

.....#####.).###
............##
...........##
..........##
.........##
.........5#
........55#
##.###+##K##+### #
#.....#@....#
#.....#.....###
+##+##'##'##'.#
#..#.....#..#.#
#..#+###+#..#.####
#..#.....#..#....#
+..+.._..+..+....##
#..#.....#..#.....##
#..#'###+#..#......##


You could see Pikel and 3 lemures.

Vanquished Creatures
  Grinder (D:3)
  Sigmund (D:2)
  An ogre (D:3)
  A lemure (D:4)
  A water moccasin skeleton (D:4)
  2 orc priests (D:3)
  Ijyb (D:3)
  Terence (D:3)
  Robin (D:2)
  An adder (D:2)
  2 worms (D:2)
  2 dart slugs (D:1)
  3 orcs (D:3)
  4 bats
  9 endoplasms
  5 giant cockroaches
  22 goblins
  5 hobgoblins
  2 quokkas
  6 ball pythons
  3 frilled lizards
  6 kobolds
  2 rats
82 creatures vanquished.

Notes
Turn   | Place    | Note
-------+----------+-------------------------------------------
     0 | D:1      | vineage the Minotaur Fighter began the quest for the Orb.
     0 | D:1      | Reached XP level 1. HP: 19/19 MP: 0/0
   206 | D:1      | Reached skill level 4 in Fighting
   422 | D:1      | Reached XP level 2. HP: 28/28 MP: 1/1
   601 | D:1      | Found Qasor's Jewellery Emporium.
   723 | D:1      | Reached skill level 5 in Fighting
   918 | D:1      | Reached XP level 3. HP: 36/36 MP: 2/2
  1312 | D:2      | Found Peboh's Book Shoppe.
  1325 | D:2      | Noticed Sigmund
  1334 | D:2      | Killed Sigmund
  1335 | D:2      | Reached skill level 7 in Fighting
  1335 | D:2      | Reached XP level 4. HP: 20/48 MP: 3/3
  1335 | D:2      | Reached XP level 5. HP: 22/53 MP: 4/4
  1566 | D:2      | Noticed Robin
  1601 | D:2      | Killed Robin
  1693 | D:2      | Reached skill level 8 in Fighting
  1932 | D:2      | Identified a scroll of acquirement
  1932 | D:2      | Acquired 1018 gold pieces
  1955 | D:3      | Noticed Terence
  1961 | D:3      | Killed Terence
  1962 | D:3      | Reached XP level 6. HP: 50/61 MP: 5/5
  2725 | D:3      | Reached skill level 9 in Fighting
  2910 | D:3      | Noticed Grinder
  2922 | D:3      | Killed Grinder
  2923 | D:3      | Reached skill level 10 in Fighting
  2923 | D:3      | Reached XP level 7. HP: 23/72 MP: 6/6
  3285 | D:3      | Noticed Ijyb
  3296 | D:3      | Killed Ijyb
  3487 | D:4      | Found an ancient bone altar of Kikubaaqudgha.
  3574 | D:4      | Noticed Pikel
  3599 | D:4      | HP: 3/73 [Pikel (4)]
  3600 | D:4      | Slain by Pikel

Illustrated notes

Levels and vault maps discovered:
D:1:      minmay_arrival_three_doors, layout_loops_corners, serial_shops,
          nicolae_shop_advertising_works [nicolae_subvault_shop_adworks],
          chequers_serial_rivers_room_b, ebering_dispersal_statue_hall,
          nrook_mini_backslash, minmay_heptomino_l4
D:2:      layout_rooms, serial_shops, nicolae_shop_behind_doors,
          minmay_misc_feat_tower, nrook_mini_vaults, uniq_sigmund, uniq_robin
D:3:      layout_loops_corners, minmay_ogre_servants, uniq_terence,
          uniq_grinder, uniq_ijyb
D:4:      minmay_chambers_of_fours, layout_layer_cave, lemuel_crystal_altar,
          zin_academy, mainiacjoe_overflow_24_doors,
          minmay_temple_entry_water_ring, enter_ossuary_4,
          mrwooster_statue_mirror, uniq_pikel, uniq_duvessa

Skill      XL: |  1  2  3  4  5  6 |
---------------+-------------------+-----
Fighting       | 4 5 7 8 10 | 10.5
Maces & Flails | |  2.4
Armour         | |  3.6
Shields        | |  3.6

Action                   |  1- 3 |  4- 6 |  7- 9 || total
-------------------------+-------+-------+-------++-------
Melee: Flail             |    87 |   103 |    24 ||   214
       Headbutt          |    10 |    19 |     6 ||    35
  Use: Potion            |     1 |     1 |     2 ||     4
       Scroll            |       |     7 |       ||     7
Armor: Scale mail        |    35 |    55 |     9 ||    99
Dodge: Dodged            |    33 |    45 |     6 ||    84
Block: Buckler           |    25 |    18 |       ||    43
       Kite shield       |       |    20 |    14 ||    34

Table legend: (Time is in decaauts)
 A = Elapsed time spent in this place.
 B = Non-inter-level travel time spent in this place.
 C = Inter-level travel time spent in this place.
 D = Time resting spent in this place.
 E = Time spent auto-exploring this place.
 F = Levels seen in this place.
 G = Mean time per level.
                   A        B        C        D        E       F      G
               +--------+--------+--------+--------+--------+-----+--------+
         Total |   3676 |   3610 |     66 |      0 |   3069 |   4 |  919.0 |
       Dungeon |   3676 |   3610 |     66 |      0 |   3069 |   4 |  919.0 |
               +--------+--------+--------+--------+--------+-----+--------+

Top non-repeatable levels by time:
     D:3: 1538 daAuts
     D:1: 1237 daAuts
     D:2: 755 daAuts
     D:4: 145 daAuts
